 Dungeon Crawl Stone Soup version 0.25-a0-589-g1e14c54 (webtiles) character file.

Game seed: 8764850772053671888, levelgen mode: deterministic

36 BlueFish the Covered (level 3, 0/33 HPs)
             Began as a Minotaur Fighter on Mar 11, 2020.
             Slain by a jackal (1 damage)
             ... on level 2 of the Dungeon.
             The game lasted 00:01:26 (738 turns).

BlueFish the Covered (Minotaur Fighter)              Turns: 738, Time: 00:01:26

Health: 0/33       AC:  8    Str: 20    XL:     3   Next: 19%
Magic:  2/2        EV:  9    Int:  5    God:
Gold:   19         SH:  0    Dex: 10    Spells: 2/2 levels left

rFire    . . .     SeeInvis .   a - +0 long sword
rCold    . . .     Gourm    .   (no shield)
rNeg     . . .     Faith    .   b - +1 scale mail
rPois    .         Spirit   .   (helmet restricted)
rElec    .         Reflect  .   (no cloak)
rCorr    .         Harm     .   (no gloves)
MR       .....                  (no boots)
Stlth    ..........             (no amulet)
HPRegen  0.11/turn              (no ring)
MPRegen  0.08/turn              (no ring)

@: no status effects
A: retaliatory headbutt, horns 2
a: no special abilities


You were on level 2 of the Dungeon.
You were not hungry.

You visited 1 branch of the dungeon, and saw 2 of its levels.

You collected 19 gold pieces.

Inventory:

Hand Weapons
 a - a +0 long sword (weapon)
Armour
 b - a +1 scale mail (worn)
 c - a +0 kite shield
Potions
 d - a potion of might
 h - 2 potions of heal wounds
 k - a potion of degeneration {unknown}
Comestibles
 f - a ration


   Skills:
 * Level 4.0 Fighting
 * Level 3.0 Long Blades
 * Level 4.3 Armour
 + Level 3.9 Shields


You had 2 spell levels left.
You didn't know any spells.
Your spell library was empty.

Dungeon Overview and Level Annotations

Branches:
Dungeon (2/15)

Altars:


Innate Abilities, Weirdness & Mutations

You reflexively headbutt those who attack you in melee.
You have a pair of horns on your head.


Message History

The ogre is lightly wounded.
The jackal barely misses you. The ogre closely misses you.
The jackal barely misses you.
You slash the ogre!
The ogre is heavily wounded.
The ogre hits you with a +0 giant club!
The jackal bites you but does no damage.
You closely miss the ogre.
The ogre is heavily wounded.
The jackal bites you. The ogre completely misses you.
You riposte.
You hit the ogre but do no damage.
The ogre is heavily wounded.
The jackal bites you.
You hit the ogre.
The ogre is heavily wounded.
The jackal bites you but does no damage.
The ogre hits you with a +0 giant club!
* * * LOW HITPOINT WARNING * * *
The jackal bites you.
You die...

** *,,,,,,,,,,*,* *,,***,****,
*,,.........,***,,***,* *,
*,,.........,,,*,,,,,,* *,
*,,........#**.#**,*,,****,
*******,,........# *.# *,,,,**,,,
,,,,,,,,,........###.##**,,,**,,,
,,,,,,,,,.............# *,,,**,,*
,,,,,,,,,......†h.....# *,,,,,,,,
,,,,,,,,,..[...O@.....# **,,,*,,*
,,,,,,,**###+#.##.....####,,,*,,*
,,,,,,,* *,#....†.......,,,****
,,,,,,,* *,#####.#.#.##**,,*
,,,,,,,*****,#<....#.#,# *,>*
,,,,,,,*,,.....#(....#.# ****
,,,,,,,,,,...*,#.......#
,,,,,,,*,,...#.#..######
******,*,,#....§§<§§§..#


You could see an ogre and a jackal.

Vanquished Creatures
  A dart slug (D:1)
  A leopard gecko (D:2)
  2 giant cockroaches (D:1)
  A goblin (D:1)
  5 hobgoblins (D:1)
  6 jackals
  4 kobolds (D:1)
  A quokka (D:2)
  6 bats
  A frilled lizard (D:1)
28 creatures vanquished.

Notes
Turn   | Place    | Note
-------+----------+-------------------------------------------
     0 | D:1      | BlueFish the Minotaur Fighter began the quest for the Orb.
     0 | D:1      | Reached XP level 1. HP: 19/19 MP: 0/0
    80 | D:1      | Reached XP level 2. HP: 25/27 MP: 1/1
   609 | D:1      | Reached XP level 3. HP: 33/33 MP: 2/2
   728 | D:2      | Noticed an ogre
   738 | D:2      | HP: 1/33 [ogre/+0 giant club (11)]
   738 | D:2      | Slain by a jackal

Levels and vault maps discovered:
D:1:      mainiacjoe_arrival_reflecting_pool, layout_loops_ring,
          kennysheep_nondescript, kennysheep_doodads,
          chequers_serial_rivers_room_a
D:2:      layout_basic, first_ration

Skill      XL: |  1  2  3 |
---------------+----------+-----
Armour         | 4 |  4.3
Fighting       | 4 |  4.0
Long Blades    | 3 |  3.0
Shields        | |  3.9

Action                   || total
-------------------------++-------
Melee: Long sword        ||    56
       Headbutt          ||     8
  Use: Scroll            ||     7
Armor: Scale mail        ||    62
Dodge: Dodged            ||    35
       Rpst.: Long sword ||    12

Table legend:
 A = Non-vault XP
 B = Vault XP
 C = Vault XP percentage of total XP
 D = Non-vault monster count
 E = Vault monster count
 F = Vault count percentage of total count
                 A         B        C        D         E       F
            +---------+---------+-------+---------+---------+-------
      Total |      52 |       0 |   0.0 |      28 |       0 |   0.0
            +---------+---------+-------+---------+---------+-------
        D:1 |      41 |       0 |   0.0 |      23 |       0 |   0.0
        D:2 |      11 |       0 |   0.0 |       5 |       0 |   0.0
            +---------+---------+-------+---------+---------+-------
